 Dungeon Crawl Stone Soup version 0.30.1-9-gdf580d7c3d (webtiles) character file.

Game seed: 8848056738607922329

576 lonewolfV2 the Trooper (level 7, -25/50 HPs)
             Began as an Octopode Fighter on Oct 22, 2023.
             Was a Believer of Qazlal.
             Annihilated by an ogre
             ... wielding a +0 giant spiked club
              (32 damage)
             ... on level 5 of the Dungeon.
             The game lasted 00:08:48 (4546 turns).

lonewolfV2 the Trooper (Octopode Fighter)           Turns: 4546, Time: 00:08:48

Health: -25/50     AC:  1    Str: 17    XL:     7   Next: 35%
Magic:  7/7        EV: 13    Int: 10    God:    Qazlal [**....]
Gold:   219        SH: 10    Dex: 12    Spells: 6/6 levels left

rFire   . . .        a - +0 war axe
rCold   . . .        l - +3 warlock's mirror {omnireflect}
rNeg    . . .        (helmet restricted)
rPois   .            f - amulet of the acrobat
rElec   .            e - ring of flight
rCorr   .            (no ring)
SInv    .            (no ring)
Will    .....        (no ring)
Stlth   ++           (no ring)
HPRegen 0.28/turn    (no ring)
MPRegen 0.10/turn    (no ring)
                     (no ring)

%: reflection, acrobat
@: flying
A: almost no armour, amphibious, 8 rings, camouflage 1, gelatinous body 1,
(nimble swimmer 1), tentacles
a: Renounce Religion, Upheaval


You were on level 5 of the Dungeon.
You worshipped Qazlal.
Qazlal was pleased with you.
You visited 1 branch of the dungeon, and saw 5 of its levels.

You collected 219 gold pieces.

Inventory:

Hand Weapons
 a - a +0 war axe (weapon)
Armour
 b - a +0 buckler
 l - the +3 warlock's mirror (worn) {omnireflect}
   (You acquired it on level 2 of the Dungeon)

   Omnireflect: It can block and reflect piercing ranged attacks and magical
   attacks against the wielder's willpower.
Jewellery
 e - a ring of flight (left tentacle)
 f - an amulet of the acrobat (around mantle)
Wands
 s - a wand of flame (25)
 t - a wand of mindburst (17)
Scrolls
 m - a scroll of teleportation
 p - a scroll of poison
 r - a scroll of enchant weapon {unknown}
Potions
 c - a potion of might
 d - 6 potions of curing
 g - a potion of ambrosia
 h - a potion of flight
 i - a potion of magic {unknown}
 j - 3 potions of heal wounds
 k - 4 potions of attraction {unknown}
 n - a potion of lignification {unknown}
 o - a potion of brilliance {unknown}
 q - 2 potions of invisibility
 u - a potion of degeneration {unknown}


   Skills:
 + Level 5.3 Fighting
 + Level 4.7 Axes
 - Level 3.0 Dodging
 + Level 5.3 Shields


You had 6 spell levels left.
You didn't know any spells.
Your spell library was empty.

Dungeon Overview and Level Annotations

Branches:
Dungeon (5/15)
 Temple: D:4-7

Altars:
Fedhas
Qazlal


Innate Abilities, Weirdness & Mutations

You cannot wear most types of armour.
You are amphibious.
You can wear up to eight rings at the same time.
Your skin changes colour to match your surroundings (Stealth+).
Your rubbery body absorbs attacks. (AC +1, EV +1)
((You are camouflaged when in or above water. (Stealth+)))
You have tentacles for arms and can constrict up to eight enemies at once.


Message History

You slash the dart slug!
You kill the dart slug!
Qazlal accepts your kill.
You feel sick.
You feel sick.
You are no longer poisoned.
You see here a dart slug corpse.
k - 4 bubbling blue potions (gained 2)
You now have 219 gold pieces (gained 17).
Could not explore, unopened door.
Could not explore, unopened door.
You reach down and open the door.
An ogre comes into view. It is wielding a +0 giant spiked club.
The ogre shouts!
There is an open door here.
The ogre hits you with a +0 giant spiked club!!
You slash the ogre! You squeeze the ogre, but do no damage.
The ogre is moderately wounded.
The ogre barely misses you.
You hit the ogre but do no damage. You squeeze the ogre, but do no damage.
The ogre is moderately wounded.
You closely miss the ogre.
The ogre is moderately wounded.
The ogre hits you with a +0 giant spiked club!!
Ouch! That really hurt!
* * * LOW HITPOINT WARNING * * *
You hit the ogre.
The ogre is heavily wounded.
You block the ogre's attack.
You barely miss the ogre.
The ogre is heavily wounded.
You block the ogre's attack.
You barely miss the ogre.
The ogre is heavily wounded.
You block the ogre's attack.
You slash the ogre!
The ogre is severely wounded.
The ogre hits you with a +0 giant spiked club!!
Ouch! That really hurt!
You die...

.....##.#####+#...#+# #..........
#....##.#####.......#####.......#
#....##'#.#...........#.#+#...#'#
#######...##.........##...#####..
#......'.†...†...+......#....
#......##.......##......#....
#.......#.......#.......#....
+.......####'####.....(.'....
#.......#...@...#.......#....
#......##..O....##......#....
#......+.........+......#....
###...##.........##...#####..
#+#.#...........#.#+#...#'#
#####.......#####.......#
#+#...#+# .......... #####
#......... +.........


You could see an ogre.

Vanquished Creatures
  An ice beast (D:5)
  2 ogres (D:5)
  A scorpion (D:5)
  A hound (D:5)
  A jelly (D:3)
  A sleepcap (D:5)
  4 gnolls (D:3)
  5 adders
  2 worms
  2 dart slugs
  7 orcs
  3 ball pythons
  8 endoplasms
  2 giant cockroaches
  7 goblins
  7 hobgoblins
  7 jackals
  6 kobolds
  3 quokkas
  9 bats
  6 frilled lizards
  2 rats (D:2)
87 creatures vanquished.

Notes
Turn   | Place    | Note
-------+----------+-------------------------------------------
     0 | D:1      | lonewolfV2 the Octopode Fighter began the quest for the
                  | Orb.
     0 | D:1      | Reached XP level 1. HP: 16/16 MP: 1/1
   314 | D:1      | Reached XP level 2. HP: 20/21 MP: 2/2
   913 | D:2      | Reached XP level 3. HP: 22/26 MP: 3/3
  1326 | D:2      | Reached XP level 4. HP: 28/33 MP: 4/4
  1476 | D:2      | Found a faded altar of an unknown god.
  1531 | D:2      | Prayed at the altar of an unknown god.
  1531 | D:2      | Became a worshipper of Qazlal Stormbringer
  1531 | D:2      | Reached * piety under Qazlal
  1599 | D:2      | Identified a scroll of acquirement
  1599 | D:2      | Acquired the +3 warlock's mirror {omnireflect}
  1599 | D:2      | Found the +3 warlock's mirror {omnireflect}
  1933 | D:3      | Reached XP level 5. HP: 17/37 MP: 5/5
  2726 | D:3      | Found a blossoming altar of Fedhas.
  3945 | D:5      | Entered Level 5 of the Dungeon
  4019 | D:5      | Noticed an ogre
  4024 | D:5      | Killed an ogre
  4025 | D:5      | Reached XP level 6. HP: 44/44 MP: 6/6
  4109 | D:5      | Noticed an ice beast
  4115 | D:5      | Killed an ice beast
  4289 | D:5      | Reached skill level 5 in Fighting
  4289 | D:5      | Reached skill level 5 in Shields
  4313 | D:5      | Reached XP level 7. HP: 38/50 MP: 7/7
  4431 | D:5      | Reached ** piety under Qazlal
  4546 | D:5      | Annihilated by an ogre

Illustrated notes

Levels and vault maps discovered:
D:1:      dpeg_arrival_erosion, layout_loops_ring, minivault_5
D:2:      kennysheep_big_flooded_room, layout_rooms,
          hellmonk_ecumenical_altar_defaced_shrine, nrook_loot_triangle,
          corexii_shack
D:3:      layout_loops_ring, mainiacjoe_overflow_boulevard,
          grunt_decor_mini_mirrors, grunt_decor_resistance
D:4:      layout_basic, minmay_misc_feat_room
D:5:      nicolae_cairo_tiling_very_big, layout_basic

Skill      XL: |  1  2  3  4  5  6 |
---------------+-------------------+-----
Axes           | 3 4 |  4.7
Fighting       | 4 5 |  5.3
Shields        | 4 5 |  5.3
Dodging        | |  3.0

Action                     |  1- 3 |  4- 6 |  7- 9 || total
---------------------------+-------+-------+-------++-------
  Melee: War axe           |    69 |    80 |    12 ||   161
         Constrict         |    17 |    17 |     2 ||    36
         Tentacles         |     8 |    16 |     4 ||    28
    Use: Scroll            |     3 |    10 |       ||    13
         Potion            |       |     1 |       ||     1
   Stab: Sleeping          |     6 |       |       ||     6
 Armour: Skin              |    15 |     3 |       ||    18
  Dodge: Dodged            |    79 |    45 |     2 ||   126
  Block: Buckler           |    17 |    51 |     7 ||    75
         Reflection        |       |     1 |     1 ||     2
